DETROIT Red Wings vs CALGARY Flames

Created - 19 mars 2024 at 10:51

Goals
1 2 3 OT1 SO T
DETROIT Red Wings 0 1 2 0 1 3
CALGARY Flames 2 1 0 0 2 4
Shots
1 2 3 OT1 SO T
DETROIT Red Wings 7 10 10 2 4 29
CALGARY Flames 10 13 3 3 4 29

1st period

1. CALGARY Flames , Darnell Nurse 15 (Michael Rasmussen 18, Jamie Oleksiak 23) at 4:39 (PP)
2. CALGARY Flames , Lawson Crouse 11 (Charlie McAvoy 37, Quinn Hughes 33) at 18:21 (PP)

Penalties :
Dakota Joshua (DET) for Delaying the game (Minor) at 3:46, Alex Ovechkin (DET) for Tripping (Minor) at 5:50, Jeff Petry (DET) for Tripping (Minor) at 8:23, Derek Forbort (DET) for High sticking (Minor) at 17:38

2nd period

3. CALGARY Flames , Cole Perfetti 7 (Johnathan Kovacevic 13) at 5:21
4. DETROIT Red Wings , Sidney Crosby 30 (Jeff Petry 29) at 17:44

Penalties :
No Penalty

3rd period

5. DETROIT Red Wings , Derek Forbort 4 (Zach Whitecloud 14, Alex Ovechkin 20) at 0:45
6. DETROIT Red Wings , Zach Hyman 22 (Sidney Crosby 44, T.J. Brodie 23) at 6:28

Penalties :
Charlie Coyle (CGY) for Hooking (Minor) at 2:01, Josh Anderson (DET) for Interference (Minor) at 3:36, Zach Whitecloud (DET) for Interference (Minor) at 4:17, Lawson Crouse (CGY) for Cross-checking (Minor) at 11:08, Derek Forbort (DET) for High sticking (Minor) at 13:26

Overtime #1

No Goal

Penalties :
No Penalty

Shootout

DETROIT Red Wings, Sidney Crosby - Goal!
CALGARY Flames, Alex Newhook - Stopped by John Gibson
DETROIT Red Wings, Alex Ovechkin - Stopped by Stuart Skinner
CALGARY Flames, Boone Jenner - Stopped by John Gibson
DETROIT Red Wings, Zach Hyman - Stopped by Stuart Skinner
CALGARY Flames, Quinn Hughes - Goal!
DETROIT Red Wings, Bryan Rust - Stopped by Stuart Skinner
CALGARY Flames, Charlie McAvoy - Goal!

Penalties :
No Penalty

Goalie Stats

John Gibson (DET), 26 saves from 29 shots - (0,897), OTL, 26-20-7, 65:00 minutes
Stuart Skinner (CGY), 26 saves from 29 shots - (0,897), W, 21-14-8, 65:00 minutes

Players Stats for DETROIT Red Wings

Player Name              G  A  P  +/- PIM S  H  SB GA TA FO     MP     PP MP  PK MP  
------------------------------------------------------------------------------------
Alex Ovechkin            0  1  1   0  2   0  1  0  0  0  1/3    21:48   2:33   0:19 
Bryan Rust               0  0  0   2  0   1  3  0  0  0  0/0    18:49   1:01   0:00 
Colton Parayko           0  0  0   0  0   2  1  2  0  0  0/0    24:33   2:33   4:31 
Dakota Joshua            0  0  0   0  2   1  0  0  0  0  1/1     5:20   0:00   0:00 
Danton Heinen            0  0  0   0  0   1  0  0  0  0  0/0     9:07   0:00   0:00 
Derek Forbort            1  0  1   1  4   1  3  1  0  0  0/0    18:02   0:00   4:07 
Jeff Petry               0  1  1   1  2   1  3  3  0  0  0/0    20:16   1:01   1:50 
Josh Anderson            0  0  0   0  2   0  3  0  0  0  1/2    21:30   1:00   4:18 
Josh Archibald           0  0  0   0  0   0  1  0  0  0  0/0     5:21   0:00   0:00 
Kevin Hayes              0  0  0   0  0   1  0  0  0  0  3/8     6:52   0:00   0:00 
Luke Glendening          0  0  0   0  0   2  0  1  0  0  6/14   12:14   0:00   4:03 
Nikita Zadorov           0  0  0   0  0   2  1  2  0  0  0/0    28:02   2:33   5:15 
Ryan O'Reilly            0  0  0   0  0   3  0  0  0  0  17/33  22:03   1:01   4:50 
Sidney Crosby            1  1  2   2  0   6  4  0  0  0  16/27  23:02   2:33   0:07 
T.J. Brodie              0  1  1   1  0   1  2  0  0  0  0/0    18:27   1:01   0:00 
Trevor Lewis             0  0  0   0  0   0  0  0  0  0  0/0    11:35   0:00   4:43 
Zach Hyman               1  0  1   2  0   6  0  0  0  0  2/2    20:45   2:33   0:00 
Zach Whitecloud          0  1  1   1  2   1  5  1  0  0  0/0    15:36   0:00   3:54 

Players Stats for CALGARY Flames

Player Name              G  A  P  +/- PIM S  H  SB GA TA FO     MP     PP MP  PK MP  
------------------------------------------------------------------------------------
A.J. Greer               0  0  0  -2  0   0  0  0  0  0  1/2     9:33   0:00   0:26 
Alex Newhook             0  0  0   0  0   0  1  0  0  0  3/3    18:29   4:35   0:00 
Alexei Toropchenko       0  0  0  -2  0   1  0  0  0  0  0/0     8:25   0:00   0:00 
Boone Jenner             0  0  0   0  0   1  1  1  0  0  17/31  23:05   4:33   1:27 
Charlie Coyle            0  0  0   1  2   6  1  0  0  0  16/24  22:15   4:33   0:35 
Charlie McAvoy           0  1  1  -2  0   4  2  2  0  0  0/0    27:47   5:16   2:15 
Cole Perfetti            1  0  1   1  0   2  3  0  0  0  0/3    15:36   0:41   0:00 
Daniel Sprong            0  0  0   1  0   3  0  0  0  0  0/1    20:35   5:16   0:00 
Darnell Nurse            1  0  1   0  0   4  2  1  0  0  0/0    22:22   4:33   1:00 
Jamie Oleksiak           0  1  1   0  0   2  3  4  0  0  0/0    25:22   4:33   1:19 
Johnathan Kovacevic      0  1  1   0  0   0  0  1  0  0  0/0    13:06   0:00   1:15 
Josh Brown               0  0  0   0  0   0  1  0  0  0  0/0    11:51   0:00   0:00 
Keegan Kolesar           0  0  0  -1  0   1  2  0  0  0  0/0    12:58   0:00   2:01 
Lawson Crouse            1  0  1   0  2   3  1  0  0  0  0/0    19:26   4:33   0:38 
Michael Rasmussen        0  1  1  -1  0   1  2  0  0  0  6/20   18:14   5:16   2:01 
Philipp Kurashev         0  0  0  -1  0   0  0  0  0  0  0/0    10:57   0:00   0:00 
Quinn Hughes             0  1  1  -2  0   0  1  1  0  0  0/0    24:32   5:16   1:19 
Ty Dellandrea            0  0  0  -2  0   1  0  0  0  0  0/6     6:27   0:00   0:00 

3 Stars

1 - Sidney Crosby (DET)
2 - Cole Perfetti (CGY)
3 - Zach Hyman (DET)

Power Play

DETROIT Red Wings - 0 on 2 Attempt(s) - 0,00%
CALGARY Flames - 2 on 7 Attempt(s) - 28,57%

Penalty Kill

DETROIT Red Wings - 5 on 7 Attempt(s) - 71,43% - Score 0 goal in Penalty Kill
CALGARY Flames - 2 on 2 Attempt(s) - 100,00% - Score 0 goal in Penalty Kill

Team Stat

DETROIT Red Wings - Hits : 27 - Faceoff Wins : 47 - Blocked Shots : 10 - Penalty Minutes : 14
CALGARY Flames - Hits : 20 - Faceoff Wins : 43 - Blocked Shots : 10 - Penalty Minutes : 4

Official

Referees : Garrett Rank and Dan O'Rourke
Linesman : Shandor Alphonso and Bryan Pancich

Game Notes

No Game Note

Finance

Level 1 -- Attendance: 5379 (89,65%) -- Ticket Income $537,900
Level 2 -- Attendance: 3846 (76,92%) -- Ticket Income $230,760
Level 3 -- Attendance: 1971 (98,55%) -- Ticket Income $68,985
Level 4 -- Attendance: 3948 (98,70%) -- Ticket Income $78,960
Luxury Box -- Attendance: 780 (78,00%) -- Ticket Income $156,000
Game was played at the Scotiabank Saddledome.
Total Attendance: 15924 (88,47%)
Total Ticket Income: $1,072,605
Other Income: $268,151
Total Income: $1,340,756

DETROIT Red Wings

5 vs 5 Forward 
   Center                   Left Wing                Right Wing               Time % Phy DF OF 
 1 Sidney Crosby            Bryan Rust               Zach Hyman               38     0   2  3  
 2 Ryan O'Reilly            Alex Ovechkin            Josh Anderson            36     0   2  3  
 3 Kevin Hayes              Danton Heinen            Trevor Lewis             16     0   3  2  
 4 Luke Glendening          Dakota Joshua            Josh Archibald           10     0   4  1  

5 vs 5 Defense 
   Defense                  Defense                                           Time % Phy DF OF 
 1 Nikita Zadorov           Colton Parayko                                    35     1   2  2  
 2 Jeff Petry               T.J. Brodie                                       34     1   2  2  
 3 Zach Whitecloud          Derek Forbort                                     25     1   3  1  
 4 Nikita Zadorov           Colton Parayko                                    6      1   2  2  

PowerPlay Forward 
   Center                   Left Wing                Right Wing               Time % Phy DF OF 
 1 Sidney Crosby            Alex Ovechkin            Zach Hyman               60     0   1  4  
 2 Ryan O'Reilly            Bryan Rust               Josh Anderson            40     0   1  4  

PowerPlay Defense
   Defense                  Defense                                           Time % Phy DF OF 
 1 Nikita Zadorov           Colton Parayko                                    60     0   1  4  
 2 Jeff Petry               T.J. Brodie                                       40     0   1  4  

Penalty Kill 4 Players Forward 
   Center                   Wing                     Time % Phy DF OF 
 1 Ryan O'Reilly            Josh Anderson            60     1   4  0  
 2 Luke Glendening          Trevor Lewis             40     1   4  0  

Penalty Kill 4 Players Defense
   Defense                  Defense                  Time % Phy DF OF 
 1 Zach Whitecloud          Derek Forbort            60     1   4  0  
 2 Nikita Zadorov           Colton Parayko           40     1   4  0  

Penalty Kill - 3 Players Forward 
   Forward                                           Time % Phy DF OF 
 1 Ryan O'Reilly                                     60     0   4  1  
 2 Luke Glendening                                   40     0   4  1  

Penalty Kill - 3 Players Defense
   Defense                  Defense                  Time % Phy DF OF 
 1 Zach Whitecloud          Derek Forbort            60     0   4  1  
 2 Nikita Zadorov           Colton Parayko           40     0   4  1  

4 vs 4 Forward 
   Center                   Wing                     Time % Phy DF OF 
 1 Sidney Crosby            Zach Hyman               60     0   2  3  
 2 Ryan O'Reilly            Alex Ovechkin            40     0   2  3  

4 vs 4 Defense
   Defense                  Defense                  Time % Phy DF OF 
 1 Nikita Zadorov           Colton Parayko           60     0   2  3  
 2 Jeff Petry               T.J. Brodie              40     0   2  3  

Last Minutes Offensive
   Center                   Left Wing                Right Wing               Defense                  Defense                  
   Sidney Crosby            Alex Ovechkin            Zach Hyman               Nikita Zadorov           Colton Parayko           

Last Minutes Defensive
   Center                   Left Wing                Right Wing               Defense                  Defense                  
   Sidney Crosby            Alex Ovechkin            Zach Hyman               Nikita Zadorov           Colton Parayko           

Goaltenders
Starting : John Gibson              
Backup : Calvin Pickard           

Extra Forwards
Normal : Dakota Joshua, Kevin Hayes, Trevor Lewis - PP : Dakota Joshua, Kevin Hayes - PK : Trevor Lewis
Extra Defensemen
Normal : Zach Whitecloud, Derek Forbort, Jeff Petry - PP : Zach Whitecloud - PK : Derek Forbort, Jeff Petry
Penalty Shots
Sidney Crosby, Alex Ovechkin, Zach Hyman, Bryan Rust, Ryan O'Reilly

Scratches
None

CALGARY Flames

5 vs 5 Forward 
   Center                   Left Wing                Right Wing               Time % Phy DF OF 
 1 Boone Jenner             Alex Newhook             Lawson Crouse            30     2   1  2  
 2 Charlie Coyle            Cole Perfetti            Daniel Sprong            30     1   1  3  
 3 Michael Rasmussen        Philipp Kurashev         Keegan Kolesar           25     2   1  2  
 4 Ty Dellandrea            Alexei Toropchenko       A.J. Greer               15     2   1  2  

5 vs 5 Defense 
   Defense                  Defense                                           Time % Phy DF OF 
 1 Quinn Hughes             Charlie McAvoy                                    40     1   2  2  
 2 Darnell Nurse            Jamie Oleksiak                                    30     2   2  1  
 3 Johnathan Kovacevic      Josh Brown                                        25     3   2  0  
 4 Darnell Nurse            Jamie Oleksiak                                    5      2   2  1  

PowerPlay Forward 
   Center                   Left Wing                Right Wing               Time % Phy DF OF 
 1 Boone Jenner             Lawson Crouse            Charlie Coyle            55     1   0  4  
 2 Michael Rasmussen        Alex Newhook             Daniel Sprong            45     1   0  4  

PowerPlay Defense
   Defense                  Defense                                           Time % Phy DF OF 
 1 Quinn Hughes             Charlie McAvoy                                    60     1   2  2  
 2 Darnell Nurse            Jamie Oleksiak                                    40     1   2  2  

Penalty Kill 4 Players Forward 
   Center                   Wing                     Time % Phy DF OF 
 1 Charlie Coyle            Lawson Crouse            50     1   3  1  
 2 Michael Rasmussen        Keegan Kolesar           50     2   3  0  

Penalty Kill 4 Players Defense
   Defense                  Defense                  Time % Phy DF OF 
 1 Darnell Nurse            Charlie McAvoy           60     1   2  2  
 2 Quinn Hughes             Jamie Oleksiak           40     1   2  2  

Penalty Kill - 3 Players Forward 
   Forward                                           Time % Phy DF OF 
 1 Charlie Coyle                                     50     1   4  0  
 2 Michael Rasmussen                                 50     1   4  0  

Penalty Kill - 3 Players Defense
   Defense                  Defense                  Time % Phy DF OF 
 1 Darnell Nurse            Charlie McAvoy           60     1   2  2  
 2 Quinn Hughes             Jamie Oleksiak           40     1   2  2  

4 vs 4 Forward 
   Center                   Wing                     Time % Phy DF OF 
 1 Boone Jenner             Lawson Crouse            50     2   1  2  
 2 Charlie Coyle            Daniel Sprong            50     1   1  3  

4 vs 4 Defense
   Defense                  Defense                  Time % Phy DF OF 
 1 Quinn Hughes             Charlie McAvoy           55     1   2  2  
 2 Darnell Nurse            Jamie Oleksiak           45     1   2  2  

Last Minutes Offensive
   Center                   Left Wing                Right Wing               Defense                  Defense                  
   Boone Jenner             Lawson Crouse            Charlie Coyle            Quinn Hughes             Charlie McAvoy           

Last Minutes Defensive
   Center                   Left Wing                Right Wing               Defense                  Defense                  
   Charlie Coyle            Michael Rasmussen        Lawson Crouse            Darnell Nurse            Charlie McAvoy           

Goaltenders
Starting : Stuart Skinner           
Backup : Jacob Markstrom          

Extra Forwards
Normal : Charlie Coyle, Boone Jenner, Michael Rasmussen - PP : Cole Perfetti, Michael Rasmussen - PK : Boone Jenner
Extra Defensemen
Normal : Jamie Oleksiak, Johnathan Kovacevic, Josh Brown - PP : Jamie Oleksiak - PK : Jamie Oleksiak, Johnathan Kovacevic
Penalty Shots
Alex Newhook, Boone Jenner, Quinn Hughes, Charlie McAvoy, Daniel Sprong

Scratches
Jacob Bryson (Healthy), Jake Muzzin (Healthy)

% Time on Ice - DETROIT Red Wings

Lines # - Real PCT - Wanted PCT - Time Play
Normal Forward
1 - 39% - 38% - 17:48
2 - 35% - 36% - 16:12
3 - 15% - 16% - 6:52
4 - 12% - 10% - 5:21
Normal Defense
1 - 34% - 35% - 15:40
2 - 37% - 34% - 17:02
3 - 25% - 25% - 11:42
4 - 4% - 6% - 1:49
PP Forward
1 - 71% - 60% - 2:33
2 - 29% - 40% - 1:01
PP Defense
1 - 71% - 60% - 2:33
2 - 29% - 40% - 1:01
PK Forward
1 - 58% - 60% - 4:54
2 - 42% - 40% - 3:37
PK Defense
1 - 59% - 60% - 5:02
2 - 41% - 40% - 3:29
PK3 Forward
1 - 67% - 60% - 0:52
2 - 33% - 40% - 0:26
PK3 Defense
1 - 59% - 60% - 0:46
2 - 41% - 40% - 0:32
44 Forward
1 - 100% - 60% - 0:24
2 - 0% - 40% - 0:00
44 Defense
1 - 0% - 60% - 0:00
2 - 100% - 40% - 0:24
Last Minute Offensive  - 0:00
Last Minute Defensive  - 0:00
Total
Forward - 60:00
Defense - 60:00

% Time on Ice - CALGARY Flames

Lines # - Real PCT - Wanted PCT - Time Play
Normal Forward
1 - 30% - 30% - 13:54
2 - 32% - 30% - 14:55
3 - 24% - 25% - 10:57
4 - 14% - 15% - 6:27
Normal Defense
1 - 38% - 40% - 17:33
2 - 32% - 30% - 14:43
3 - 26% - 25% - 11:51
4 - 5% - 5% - 2:06
PP Forward
1 - 46% - 55% - 4:33
2 - 54% - 45% - 5:16
PP Defense
1 - 54% - 60% - 5:16
2 - 46% - 40% - 4:33
PK Forward
1 - 43% - 50% - 1:33
2 - 57% - 50% - 2:01
PK Defense
1 - 63% - 60% - 2:15
2 - 37% - 40% - 1:19
PK3 Forward
1 - 0% - 50%
2 - 0% - 50%
PK3 Defense
1 - 0% - 60%
2 - 0% - 40%
44 Forward
1 - 0% - 50% - 0:00
2 - 100% - 50% - 0:24
44 Defense
1 - 100% - 55% - 0:24
2 - 0% - 45% - 0:00
Last Minute Offensive  - 0:00
Last Minute Defensive  - 0:00
Total
Forward - 60:00
Defense - 60:00

Play-by-Play

1st period


0:01 of 1st period - Boone Jenner wins face-off versus Sidney Crosby in neutral zone.
0:23 of 1st period - Icing by Nikita Zadorov.
0:24 of 1st period - Charlie Coyle wins face-off versus Sidney Crosby in DETROIT Red Wings zone.
0:27 of 1st period - Shot by Charlie Coyle.
0:27 of 1st period - Stopped by John Gibson with a rebound.
0:33 of 1st period - Shot by Charlie Coyle.
0:33 of 1st period - Deflect By Daniel Sprong.
0:33 of 1st period - Stopped by John Gibson without a rebound.
0:34 of 1st period - Ryan O'Reilly wins face-off versus Michael Rasmussen in DETROIT Red Wings zone.
0:34 of 1st period - Ryan O'Reilly is hit by Keegan Kolesar.
0:37 of 1st period - Icing by Jeff Petry.
0:38 of 1st period - Ryan O'Reilly wins face-off versus A.J. Greer in DETROIT Red Wings zone.
1:00 of 1st period - Josh Anderson is hit by Josh Brown and loses puck.
1:06 of 1st period - Alexei Toropchenko is hit by T.J. Brodie and loses puck.
1:10 of 1st period - Ty Dellandrea is hit by Jeff Petry.
2:11 of 1st period - Icing by Derek Forbort.
2:12 of 1st period - Charlie Coyle wins face-off versus Kevin Hayes in DETROIT Red Wings zone.
2:15 of 1st period - Shot by Charlie Coyle.
2:15 of 1st period - Shot Misses the Net.
2:23 of 1st period - Shot by Kevin Hayes.
2:23 of 1st period - Stopped by Stuart Skinner without a rebound.
2:24 of 1st period - Sidney Crosby wins face-off versus Boone Jenner in CALGARY Flames zone.
2:27 of 1st period - Shot by Zach Hyman.
2:27 of 1st period - Shot Blocked by Boone Jenner.
3:28 of 1st period - Cole Perfetti is hit by Derek Forbort and loses puck.
3:32 of 1st period - Icing by Zach Whitecloud.
3:33 of 1st period - Dakota Joshua wins face-off versus Michael Rasmussen in DETROIT Red Wings zone.
3:33 of 1st period - Dakota Joshua is hit by Keegan Kolesar.
3:39 of 1st period - Shot by Zach Whitecloud.
3:39 of 1st period - Shot Blocked by Johnathan Kovacevic.
3:46 of 1st period - Minor Penalty to Dakota Joshua for Delaying the game.
3:47 of 1st period - Alex Newhook wins face-off versus Ryan O'Reilly in DETROIT Red Wings zone.
3:56 of 1st period - Shot by Darnell Nurse.
3:56 of 1st period - Stopped by John Gibson without a rebound.
3:57 of 1st period - Boone Jenner wins face-off versus Ryan O'Reilly in DETROIT Red Wings zone.
4:16 of 1st period - Shot by Charlie McAvoy.
4:16 of 1st period - Stopped by John Gibson without a rebound.
4:17 of 1st period - Ryan O'Reilly wins face-off versus Michael Rasmussen in DETROIT Red Wings zone.
4:17 of 1st period - Ryan O'Reilly is hit by Michael Rasmussen.
4:39 of 1st period - Shot by Darnell Nurse.
4:39 of 1st period - Goal by Darnell Nurse - DETROIT Red Wings : 0 - CALGARY Flames : 1.
4:40 of 1st period - Ryan O'Reilly wins face-off versus Ty Dellandrea in neutral zone.
4:50 of 1st period - Shot by Charlie McAvoy.
4:50 of 1st period - Stopped by John Gibson without a rebound.
4:51 of 1st period - Sidney Crosby wins face-off versus Charlie Coyle in DETROIT Red Wings zone.
4:51 of 1st period - Sidney Crosby is hit by Cole Perfetti.
5:03 of 1st period - Shot by Sidney Crosby.
5:03 of 1st period - Stopped by Stuart Skinner without a rebound.
5:04 of 1st period - Alex Newhook wins face-off versus Ryan O'Reilly in CALGARY Flames zone.
5:32 of 1st period - Quinn Hughes is hit by Josh Anderson and loses puck.
5:46 of 1st period - Quinn Hughes is hit by Josh Anderson and loses puck.
5:50 of 1st period - Minor Penalty to Alex Ovechkin for Tripping.
5:51 of 1st period - Luke Glendening wins face-off versus Michael Rasmussen in DETROIT Red Wings zone.
6:09 of 1st period - Shot by Jamie Oleksiak.
6:09 of 1st period - Shot Misses the Net.
6:45 of 1st period - Shot by Charlie McAvoy.
6:45 of 1st period - Stopped by John Gibson without a rebound.
6:46 of 1st period - Ryan O'Reilly wins face-off versus Boone Jenner in DETROIT Red Wings zone.
8:00 of 1st period - Josh Brown is hit by T.J. Brodie and loses puck.
8:15 of 1st period - Shot by Zach Hyman.
8:15 of 1st period - Shot Misses the Net.
8:23 of 1st period - Shot by Ty Dellandrea.
8:23 of 1st period - Stopped by John Gibson without a rebound.
8:23 of 1st period - Minor Penalty to Jeff Petry for Tripping.
8:24 of 1st period - Ryan O'Reilly wins face-off versus Michael Rasmussen in DETROIT Red Wings zone.
8:30 of 1st period - Darnell Nurse is hit by Nikita Zadorov and loses puck.
9:41 of 1st period - Off-side.
9:42 of 1st period - Michael Rasmussen wins face-off versus Luke Glendening in neutral zone.
10:09 of 1st period - Shot by Jamie Oleksiak.
10:09 of 1st period - Shot Misses the Net.
10:27 of 1st period - Shot by Daniel Sprong.
10:27 of 1st period - Shot Blocked by Jeff Petry.
10:39 of 1st period - Shot by Bryan Rust.
10:39 of 1st period - Stopped by Stuart Skinner without a rebound.
10:40 of 1st period - Boone Jenner wins face-off versus Sidney Crosby in CALGARY Flames zone.
10:40 of 1st period - Boone Jenner is hit by Bryan Rust.
11:06 of 1st period - Shot by Sidney Crosby.
11:06 of 1st period - Stopped by Stuart Skinner without a rebound.
11:07 of 1st period - Kevin Hayes wins face-off versus Ty Dellandrea in CALGARY Flames zone.
11:35 of 1st period - Shot by Danton Heinen.
11:35 of 1st period - Stopped by Stuart Skinner without a rebound.
11:36 of 1st period - Charlie Coyle wins face-off versus Ryan O'Reilly in CALGARY Flames zone.
11:41 of 1st period - Shot by Alex Ovechkin.
11:41 of 1st period - Shot Blocked by Jamie Oleksiak.
11:47 of 1st period - Josh Anderson is hit by Cole Perfetti and loses puck.
12:49 of 1st period - Shot by Michael Rasmussen.
12:49 of 1st period - Shot Misses the Net.
13:07 of 1st period - Icing by Bryan Rust.
13:08 of 1st period - Sidney Crosby wins face-off versus Boone Jenner in DETROIT Red Wings zone.
13:13 of 1st period - Shot by Zach Hyman.
13:13 of 1st period - Shot Misses the Net.
15:06 of 1st period - Shot by Luke Glendening.
15:06 of 1st period - Shot Misses the Net.
15:37 of 1st period - Philipp Kurashev is hit by Derek Forbort and loses puck.
16:29 of 1st period - Icing by Zach Whitecloud.
16:30 of 1st period - Charlie Coyle wins face-off versus Ryan O'Reilly in DETROIT Red Wings zone.
16:33 of 1st period - Shot by Jamie Oleksiak.
16:33 of 1st period - Shot Misses the Net.
17:25 of 1st period - Shot by Alex Newhook.
17:25 of 1st period - Shot Misses the Net.
17:27 of 1st period - Shot by Lawson Crouse.
17:27 of 1st period - Shot Misses the Net.
17:38 of 1st period - Minor Penalty to Derek Forbort for High sticking.
17:39 of 1st period - Michael Rasmussen wins face-off versus Luke Glendening in DETROIT Red Wings zone.
17:42 of 1st period - Shot by Charlie McAvoy.
17:42 of 1st period - Stopped by John Gibson without a rebound.
17:43 of 1st period - Boone Jenner wins face-off versus Luke Glendening in DETROIT Red Wings zone.
17:58 of 1st period - Shot by Charlie McAvoy.
17:58 of 1st period - Shot Blocked by Nikita Zadorov.
18:21 of 1st period - Shot by Lawson Crouse.
18:21 of 1st period - Goal by Lawson Crouse - DETROIT Red Wings : 0 - CALGARY Flames : 2.
18:22 of 1st period - Sidney Crosby wins face-off versus Michael Rasmussen in neutral zone.
19:00 of 1st period - Shot by Sidney Crosby.
19:00 of 1st period - Stopped by Stuart Skinner without a rebound.
19:01 of 1st period - Kevin Hayes wins face-off versus Boone Jenner in CALGARY Flames zone.
19:26 of 1st period - Shot by Nikita Zadorov.
19:26 of 1st period - Stopped by Stuart Skinner with a rebound.
Goals for this period are 0 for DETROIT Red Wings vs 2 for CALGARY Flames.
Shots for this period are 7 for DETROIT Red Wings vs 10 for CALGARY Flames.

2nd period


0:01 of 2nd period - Charlie Coyle wins face-off versus Sidney Crosby in neutral zone.
0:21 of 2nd period - Zach Hyman is hit by Charlie McAvoy and loses puck.
1:35 of 2nd period - Shot by Keegan Kolesar.
1:35 of 2nd period - Shot Blocked by Jeff Petry.
1:37 of 2nd period - Shot by Michael Rasmussen.
1:37 of 2nd period - Shot Misses the Net.
1:39 of 2nd period - Shot by Darnell Nurse.
1:39 of 2nd period - Stopped by John Gibson without a rebound.
1:40 of 2nd period - Luke Glendening wins face-off versus Boone Jenner in DETROIT Red Wings zone.
2:06 of 2nd period - Shot by Luke Glendening.
2:06 of 2nd period - Shot Misses the Net.
2:08 of 2nd period - Shot by Derek Forbort.
2:08 of 2nd period - Shot Misses the Net.
2:10 of 2nd period - Shot by Derek Forbort.
2:10 of 2nd period - Shot Misses the Net.
2:12 of 2nd period - Shot by Zach Whitecloud.
2:12 of 2nd period - Stopped by Stuart Skinner without a rebound.
2:13 of 2nd period - A.J. Greer wins face-off versus Ryan O'Reilly in CALGARY Flames zone.
2:40 of 2nd period - Shot by Alexei Toropchenko.
2:40 of 2nd period - Shot Misses the Net.
2:42 of 2nd period - Shot by Charlie McAvoy.
2:42 of 2nd period - Deflect By Alexei Toropchenko.
2:42 of 2nd period - Shot Misses the Net.
2:49 of 2nd period - Icing by Jeff Petry.
2:50 of 2nd period - Ryan O'Reilly wins face-off versus Cole Perfetti in DETROIT Red Wings zone.
3:04 of 2nd period - Shot by Daniel Sprong.
3:04 of 2nd period - Deflect By Charlie Coyle.
3:04 of 2nd period - Shot Misses the Net.
3:06 of 2nd period - Shot by Jamie Oleksiak.
3:06 of 2nd period - Shot Misses the Net.
3:15 of 2nd period - Darnell Nurse is hit by Jeff Petry and loses puck.
3:24 of 2nd period - Shot by Daniel Sprong.
3:24 of 2nd period - Stopped by John Gibson without a rebound.
3:25 of 2nd period - Sidney Crosby wins face-off versus Michael Rasmussen in DETROIT Red Wings zone.
3:46 of 2nd period - Nikita Zadorov is hit by Michael Rasmussen and loses puck.
4:05 of 2nd period - Shot by Zach Hyman.
4:05 of 2nd period - Stopped by Stuart Skinner with a rebound.
4:07 of 2nd period - Shot by Zach Hyman.
4:07 of 2nd period - Shot Blocked by Quinn Hughes.
4:33 of 2nd period - Shot by Lawson Crouse.
4:33 of 2nd period - Shot Misses the Net.
4:41 of 2nd period - Shot by Darnell Nurse.
4:41 of 2nd period - Stopped by John Gibson without a rebound.
4:42 of 2nd period - Luke Glendening wins face-off versus Charlie Coyle in DETROIT Red Wings zone.
4:46 of 2nd period - Off-side.
4:47 of 2nd period - Ryan O'Reilly wins face-off versus Charlie Coyle in neutral zone.
5:21 of 2nd period - Shot by Cole Perfetti.
5:21 of 2nd period - Goal by Cole Perfetti - DETROIT Red Wings : 0 - CALGARY Flames : 3.
5:22 of 2nd period - Sidney Crosby wins face-off versus Boone Jenner in neutral zone.
6:05 of 2nd period - Shot by Bryan Rust.
6:05 of 2nd period - Shot Blocked by Charlie McAvoy.
6:25 of 2nd period - Shot by Dakota Joshua.
6:25 of 2nd period - Stopped by Stuart Skinner without a rebound.
6:26 of 2nd period - Charlie Coyle wins face-off versus Josh Anderson in CALGARY Flames zone.
6:26 of 2nd period - Daniel Sprong is hit by Alex Ovechkin and loses puck.
6:33 of 2nd period - Jeff Petry is hit by Cole Perfetti and loses puck.
6:39 of 2nd period - Cole Perfetti is hit by Jeff Petry.
6:43 of 2nd period - Shot by Darnell Nurse.
6:43 of 2nd period - Shot Misses the Net.
6:45 of 2nd period - Shot by Charlie Coyle.
6:45 of 2nd period - Stopped by John Gibson without a rebound.
6:46 of 2nd period - Michael Rasmussen wins face-off versus Kevin Hayes in DETROIT Red Wings zone.
7:20 of 2nd period - Philipp Kurashev is hit by Zach Whitecloud and loses puck.
7:25 of 2nd period - Shot by Keegan Kolesar.
7:25 of 2nd period - Stopped by John Gibson without a rebound.
7:26 of 2nd period - Charlie Coyle wins face-off versus Sidney Crosby in DETROIT Red Wings zone.
7:53 of 2nd period - Shot by T.J. Brodie.
7:53 of 2nd period - Stopped by Stuart Skinner without a rebound.
7:54 of 2nd period - Boone Jenner wins face-off versus Ryan O'Reilly in CALGARY Flames zone.
7:56 of 2nd period - Icing by Darnell Nurse.
7:57 of 2nd period - Alex Newhook wins face-off versus Ryan O'Reilly in CALGARY Flames zone.
8:38 of 2nd period - Shot by Lawson Crouse.
8:38 of 2nd period - Deflect By Boone Jenner.
8:38 of 2nd period - Stopped by John Gibson without a rebound.
8:39 of 2nd period - Sidney Crosby wins face-off versus Charlie Coyle in DETROIT Red Wings zone.
8:41 of 2nd period - Icing by Zach Hyman.
8:42 of 2nd period - Charlie Coyle wins face-off versus Sidney Crosby in DETROIT Red Wings zone.
8:51 of 2nd period - Shot by Daniel Sprong.
8:51 of 2nd period - Shot Misses the Net.
9:03 of 2nd period - Shot by Bryan Rust.
9:03 of 2nd period - Shot Misses the Net.
9:13 of 2nd period - Shot by Zach Hyman.
9:13 of 2nd period - Stopped by Stuart Skinner without a rebound.
9:14 of 2nd period - Ryan O'Reilly wins face-off versus Michael Rasmussen in CALGARY Flames zone.
9:19 of 2nd period - Shot by Josh Anderson.
9:19 of 2nd period - Shot Misses the Net.
9:21 of 2nd period - Shot by Alex Ovechkin.
9:21 of 2nd period - Shot Misses the Net.
9:23 of 2nd period - Shot by Josh Anderson.
9:23 of 2nd period - Shot Blocked by Jamie Oleksiak.
9:25 of 2nd period - Shot by Nikita Zadorov.
9:25 of 2nd period - Shot Blocked by Jamie Oleksiak.
9:27 of 2nd period - Shot by Josh Anderson.
9:27 of 2nd period - Shot Blocked by Darnell Nurse.
9:29 of 2nd period - Shot by Ryan O'Reilly.
9:29 of 2nd period - Stopped by Stuart Skinner without a rebound.
9:30 of 2nd period - Luke Glendening wins face-off versus Boone Jenner in CALGARY Flames zone.
9:40 of 2nd period - Boone Jenner is hit by Zach Whitecloud and loses puck.
9:43 of 2nd period - Shot by Lawson Crouse.
9:43 of 2nd period - Stopped by John Gibson with a rebound.
9:45 of 2nd period - Shot by Alex Newhook.
9:45 of 2nd period - Shot Blocked by Zach Whitecloud.
10:25 of 2nd period - Charlie McAvoy is hit by Josh Archibald.
10:59 of 2nd period - Shot by Sidney Crosby.
10:59 of 2nd period - Stopped by Stuart Skinner without a rebound.
11:00 of 2nd period - Ryan O'Reilly wins face-off versus Michael Rasmussen in CALGARY Flames zone.
11:00 of 2nd period - Ryan O'Reilly is hit by Jamie Oleksiak.
11:20 of 2nd period - Shot by Michael Rasmussen.
11:20 of 2nd period - Shot Blocked by Nikita Zadorov.
11:32 of 2nd period - Shot by Jamie Oleksiak.
11:32 of 2nd period - Stopped by John Gibson without a rebound.
11:33 of 2nd period - Sidney Crosby wins face-off versus Boone Jenner in DETROIT Red Wings zone.
12:36 of 2nd period - Icing by Charlie McAvoy.
12:37 of 2nd period - Ryan O'Reilly wins face-off versus Charlie Coyle in CALGARY Flames zone.
12:37 of 2nd period - Josh Anderson is hit by Quinn Hughes and loses puck.
13:27 of 2nd period - Icing by Josh Anderson.
13:28 of 2nd period - Michael Rasmussen wins face-off versus Alex Ovechkin in DETROIT Red Wings zone.
13:41 of 2nd period - Shot by Michael Rasmussen.
13:41 of 2nd period - Shot Blocked by Colton Parayko.
13:43 of 2nd period - Shot by Michael Rasmussen.
13:43 of 2nd period - Shot Misses the Net.
13:45 of 2nd period - Shot by Jamie Oleksiak.
13:45 of 2nd period - Shot Blocked by Colton Parayko.
13:47 of 2nd period - Shot by Darnell Nurse.
13:47 of 2nd period - Shot Misses the Net.
13:52 of 2nd period - Icing by Josh Anderson.
13:53 of 2nd period - Ryan O'Reilly wins face-off versus Ty Dellandrea in DETROIT Red Wings zone.
14:09 of 2nd period - Shot by Alexei Toropchenko.
14:09 of 2nd period - Shot Misses the Net.
14:45 of 2nd period - Michael Rasmussen is hit by Sidney Crosby and loses puck.
14:59 of 2nd period - Philipp Kurashev is hit by Bryan Rust and loses puck.
15:05 of 2nd period - Off-side.
15:06 of 2nd period - Charlie Coyle wins face-off versus Kevin Hayes in neutral zone.
15:36 of 2nd period - Shot by Charlie Coyle.
15:36 of 2nd period - Deflect By Daniel Sprong.
15:36 of 2nd period - Shot Misses the Net.
15:38 of 2nd period - Shot by Charlie Coyle.
15:38 of 2nd period - Stopped by John Gibson with a rebound.
15:40 of 2nd period - Shot by Charlie Coyle.
15:40 of 2nd period - Stopped by John Gibson without a rebound.
15:41 of 2nd period - Boone Jenner wins face-off versus Luke Glendening in DETROIT Red Wings zone.
16:52 of 2nd period - Shot by Michael Rasmussen.
16:52 of 2nd period - Shot Misses the Net.
17:12 of 2nd period - Shot by Zach Hyman.
17:12 of 2nd period - Stopped by Stuart Skinner without a rebound.
17:13 of 2nd period - Ryan O'Reilly wins face-off versus Charlie Coyle in CALGARY Flames zone.
17:24 of 2nd period - Shot by Cole Perfetti.
17:24 of 2nd period - Stopped by John Gibson without a rebound.
17:25 of 2nd period - Sidney Crosby wins face-off versus Ty Dellandrea in DETROIT Red Wings zone.
17:44 of 2nd period - Shot by Sidney Crosby.
17:44 of 2nd period - Goal by Sidney Crosby - DETROIT Red Wings : 1 - CALGARY Flames : 3.
17:45 of 2nd period - Charlie Coyle wins face-off versus Ryan O'Reilly in neutral zone.
17:51 of 2nd period - Daniel Sprong is hit by Derek Forbort and loses puck.
18:09 of 2nd period - Shot by Daniel Sprong.
18:09 of 2nd period - Stopped by John Gibson without a rebound.
18:10 of 2nd period - Michael Rasmussen wins face-off versus Sidney Crosby in DETROIT Red Wings zone.
18:49 of 2nd period - Icing by T.J. Brodie.
18:50 of 2nd period - Sidney Crosby wins face-off versus Boone Jenner in DETROIT Red Wings zone.
18:50 of 2nd period - Sidney Crosby is hit by Boone Jenner.
19:08 of 2nd period - Lawson Crouse is hit by Bryan Rust and loses puck.
19:18 of 2nd period - Off-side.
19:19 of 2nd period - Charlie Coyle wins face-off versus Ryan O'Reilly in neutral zone.
19:35 of 2nd period - Charlie Coyle is hit by Colton Parayko.
19:41 of 2nd period - Shot by Ryan O'Reilly.
19:41 of 2nd period - Stopped by Stuart Skinner without a rebound.
19:42 of 2nd period - Boone Jenner wins face-off versus Kevin Hayes in CALGARY Flames zone.
Goals for this period are 1 for DETROIT Red Wings vs 1 for CALGARY Flames.
Shots for this period are 10 for DETROIT Red Wings vs 13 for CALGARY Flames.

3rd period


0:01 of 3rd period - Charlie Coyle wins face-off versus Sidney Crosby in neutral zone.
0:06 of 3rd period - Shot by Charlie Coyle.
0:06 of 3rd period - Shot Misses the Net.
0:20 of 3rd period - Shot by Colton Parayko.
0:20 of 3rd period - Stopped by Stuart Skinner without a rebound.
0:21 of 3rd period - Michael Rasmussen wins face-off versus Ryan O'Reilly in CALGARY Flames zone.
0:21 of 3rd period - Michael Rasmussen is hit by Josh Anderson.
0:32 of 3rd period - Keegan Kolesar is hit by Zach Whitecloud and loses puck.
0:41 of 3rd period - Shot by Zach Whitecloud.
0:41 of 3rd period - Shot Blocked by Charlie McAvoy.
0:43 of 3rd period - Shot by Zach Whitecloud.
0:43 of 3rd period - Shot Misses the Net.
0:45 of 3rd period - Shot by Derek Forbort.
0:45 of 3rd period - Goal by Derek Forbort - DETROIT Red Wings : 2 - CALGARY Flames : 3.
0:46 of 3rd period - Sidney Crosby wins face-off versus Charlie Coyle in neutral zone.
1:06 of 3rd period - Sidney Crosby is hit by Darnell Nurse and loses puck.
1:11 of 3rd period - Shot by Bryan Rust.
1:11 of 3rd period - Deflect By Sidney Crosby.
1:11 of 3rd period - Shot Misses the Net.
1:15 of 3rd period - Shot by Zach Hyman.
1:15 of 3rd period - Stopped by Stuart Skinner with a rebound.
1:20 of 3rd period - Icing by Jamie Oleksiak.
1:21 of 3rd period - Ryan O'Reilly wins face-off versus Daniel Sprong in CALGARY Flames zone.
1:21 of 3rd period - Jeff Petry is hit by Darnell Nurse and loses puck.
1:45 of 3rd period - Alex Ovechkin is hit by Jamie Oleksiak and loses puck.
2:01 of 3rd period - Minor Penalty to Charlie Coyle for Hooking.
2:02 of 3rd period - Zach Hyman wins face-off versus Michael Rasmussen in CALGARY Flames zone.
2:02 of 3rd period - Zach Hyman is hit by Charlie McAvoy.
2:22 of 3rd period - Shot by Colton Parayko.
2:22 of 3rd period - Stopped by Stuart Skinner with a rebound.
2:26 of 3rd period - Shot by Sidney Crosby.
2:26 of 3rd period - Stopped by Stuart Skinner without a rebound.
2:27 of 3rd period - Boone Jenner wins face-off versus Ryan O'Reilly in CALGARY Flames zone.
2:40 of 3rd period - Shot by Jeff Petry.
2:40 of 3rd period - Stopped by Stuart Skinner without a rebound.
2:41 of 3rd period - Sidney Crosby wins face-off versus Boone Jenner in CALGARY Flames zone.
3:36 of 3rd period - Minor Penalty to Josh Anderson for Interference.
3:37 of 3rd period - Boone Jenner wins face-off versus Sidney Crosby in DETROIT Red Wings zone.
4:17 of 3rd period - Minor Penalty to Zach Whitecloud for Interference.
4:18 of 3rd period - Boone Jenner wins face-off versus Ryan O'Reilly in DETROIT Red Wings zone.
4:27 of 3rd period - Shot by Charlie Coyle.
4:27 of 3rd period - Shot Misses the Net.
4:43 of 3rd period - Colton Parayko is hit by Charlie Coyle and loses puck.
5:58 of 3rd period - Shot by Charlie McAvoy.
5:58 of 3rd period - Shot Blocked by Derek Forbort.
6:00 of 3rd period - Shot by Charlie Coyle.
6:00 of 3rd period - Shot Misses the Net.
6:02 of 3rd period - Shot by Charlie McAvoy.
6:02 of 3rd period - Shot Misses the Net.
6:28 of 3rd period - Shot by Sidney Crosby.
6:28 of 3rd period - Deflect By Zach Hyman.
6:28 of 3rd period - Goal by Zach Hyman - DETROIT Red Wings : 3 - CALGARY Flames : 3.
6:29 of 3rd period - Luke Glendening wins face-off versus Ty Dellandrea in neutral zone.
6:39 of 3rd period - Icing by Johnathan Kovacevic.
6:40 of 3rd period - Zach Hyman wins face-off versus Ty Dellandrea in CALGARY Flames zone.
7:30 of 3rd period - Bryan Rust is hit by Jamie Oleksiak and loses puck.
7:55 of 3rd period - Shot by Michael Rasmussen.
7:55 of 3rd period - Stopped by John Gibson without a rebound.
7:56 of 3rd period - Boone Jenner wins face-off versus Kevin Hayes in DETROIT Red Wings zone.
8:25 of 3rd period - Icing by Quinn Hughes.
8:26 of 3rd period - Boone Jenner wins face-off versus Alex Ovechkin in CALGARY Flames zone.
9:17 of 3rd period - Icing by Darnell Nurse.
9:18 of 3rd period - Sidney Crosby wins face-off versus Cole Perfetti in CALGARY Flames zone.
9:47 of 3rd period - Charlie Coyle is hit by Zach Whitecloud and loses puck.
10:13 of 3rd period - Icing by Cole Perfetti.
10:14 of 3rd period - Kevin Hayes wins face-off versus Cole Perfetti in CALGARY Flames zone.
10:51 of 3rd period - Shot by Colton Parayko.
10:51 of 3rd period - Shot Blocked by Jamie Oleksiak.
10:53 of 3rd period - Shot by Nikita Zadorov.
10:53 of 3rd period - Stopped by Stuart Skinner without a rebound.
10:54 of 3rd period - Boone Jenner wins face-off versus Ryan O'Reilly in CALGARY Flames zone.
11:02 of 3rd period - Icing by Jeff Petry.
11:03 of 3rd period - Ryan O'Reilly wins face-off versus Boone Jenner in DETROIT Red Wings zone.
11:03 of 3rd period - Ryan O'Reilly is hit by Alex Newhook.
11:06 of 3rd period - Alex Ovechkin is hit by Lawson Crouse and loses puck.
11:08 of 3rd period - Minor Penalty to Lawson Crouse for Cross-checking.
11:09 of 3rd period - Sidney Crosby wins face-off versus Michael Rasmussen in CALGARY Flames zone.
12:06 of 3rd period - Charlie Coyle is hit by Sidney Crosby and loses puck.
12:45 of 3rd period - Shot by T.J. Brodie.
12:45 of 3rd period - Shot Misses the Net.
12:47 of 3rd period - Shot by Ryan O'Reilly.
12:47 of 3rd period - Stopped by Stuart Skinner without a rebound.
12:48 of 3rd period - Charlie Coyle wins face-off versus Ryan O'Reilly in CALGARY Flames zone.
13:26 of 3rd period - Minor Penalty to Derek Forbort for High sticking.
13:27 of 3rd period - Ryan O'Reilly wins face-off versus Michael Rasmussen in DETROIT Red Wings zone.
14:46 of 3rd period - Shot by Lawson Crouse.
14:46 of 3rd period - Shot Blocked by Jeff Petry.
14:54 of 3rd period - Shot by Jamie Oleksiak.
14:54 of 3rd period - Stopped by John Gibson without a rebound.
14:55 of 3rd period - Ryan O'Reilly wins face-off versus Michael Rasmussen in DETROIT Red Wings zone.
15:36 of 3rd period - Ty Dellandrea is hit by Sidney Crosby and loses puck.
15:45 of 3rd period - Shot by Alexei Toropchenko.
15:45 of 3rd period - Stopped by John Gibson without a rebound.
15:46 of 3rd period - Boone Jenner wins face-off versus Luke Glendening in DETROIT Red Wings zone.
16:52 of 3rd period - Icing by Jamie Oleksiak.
16:53 of 3rd period - Josh Anderson wins face-off versus Boone Jenner in CALGARY Flames zone.
16:59 of 3rd period - Icing by Jamie Oleksiak.
17:00 of 3rd period - Boone Jenner wins face-off versus Ryan O'Reilly in CALGARY Flames zone.
17:32 of 3rd period - Icing by Quinn Hughes.
17:33 of 3rd period - Sidney Crosby wins face-off versus Michael Rasmussen in CALGARY Flames zone.
17:36 of 3rd period - Shot by Zach Hyman.
17:36 of 3rd period - Stopped by Stuart Skinner without a rebound.
17:37 of 3rd period - Charlie Coyle wins face-off versus Sidney Crosby in CALGARY Flames zone.
17:37 of 3rd period - Charlie Coyle is hit by Sidney Crosby.
17:46 of 3rd period - Icing by Daniel Sprong.
17:47 of 3rd period - Alex Ovechkin wins face-off versus Charlie Coyle in CALGARY Flames zone.
18:17 of 3rd period - Shot by Ryan O'Reilly.
18:17 of 3rd period - Shot Misses the Net.
18:59 of 3rd period - Shot by Bryan Rust.
18:59 of 3rd period - Shot Misses the Net.
19:09 of 3rd period - Shot by Philipp Kurashev.
19:09 of 3rd period - Deflect By Michael Rasmussen.
19:09 of 3rd period - Shot Misses the Net.
19:50 of 3rd period - Boone Jenner is hit by Zach Whitecloud.
Goals for this period are 2 for DETROIT Red Wings vs 0 for CALGARY Flames.
Shots for this period are 10 for DETROIT Red Wings vs 3 for CALGARY Flames.

Overtime #1


0:01 of 1st overtime period - Luke Glendening wins face-off versus Boone Jenner in neutral zone.
0:20 of 1st overtime period - Shot by Luke Glendening.
0:20 of 1st overtime period - Stopped by Stuart Skinner without a rebound.
0:21 of 1st overtime period - Boone Jenner wins face-off versus Luke Glendening in CALGARY Flames zone.
0:42 of 1st overtime period - Shot by Boone Jenner.
0:42 of 1st overtime period - Shot Blocked by Luke Glendening.
0:52 of 1st overtime period - Shot by Luke Glendening.
0:52 of 1st overtime period - Shot Misses the Net.
0:54 of 1st overtime period - Shot by Luke Glendening.
0:54 of 1st overtime period - Shot Misses the Net.
1:37 of 1st overtime period - Icing by Derek Forbort.
1:38 of 1st overtime period - Sidney Crosby wins face-off versus Boone Jenner in DETROIT Red Wings zone.
2:13 of 1st overtime period - Shot by Alex Ovechkin.
2:13 of 1st overtime period - Shot Misses the Net.
2:27 of 1st overtime period - Shot by Luke Glendening.
2:27 of 1st overtime period - Stopped by Stuart Skinner with a rebound.
3:14 of 1st overtime period - Shot by Charlie Coyle.
3:14 of 1st overtime period - Stopped by John Gibson without a rebound.
3:15 of 1st overtime period - Charlie Coyle wins face-off versus Luke Glendening in DETROIT Red Wings zone.
3:36 of 1st overtime period - Shot by Lawson Crouse.
3:36 of 1st overtime period - Stopped by John Gibson without a rebound.
3:37 of 1st overtime period - Charlie Coyle wins face-off versus Sidney Crosby in DETROIT Red Wings zone.
3:50 of 1st overtime period - Shot by Jamie Oleksiak.
3:50 of 1st overtime period - Shot Misses the Net.
3:52 of 1st overtime period - Shot by Charlie Coyle.
3:52 of 1st overtime period - Shot Misses the Net.
3:54 of 1st overtime period - Shot by A.J. Greer.
3:54 of 1st overtime period - Shot Misses the Net.
3:56 of 1st overtime period - Shot by Charlie Coyle.
3:56 of 1st overtime period - Stopped by John Gibson without a rebound.
3:57 of 1st overtime period - Boone Jenner wins face-off versus Luke Glendening in DETROIT Red Wings zone.
Goals for this period are 0 for DETROIT Red Wings vs 0 for CALGARY Flames.
Shots for this period are 2 for DETROIT Red Wings vs 3 for CALGARY Flames.

ShootOut


5:00 of 1st overtime period - Round #1.
5:00 of 1st overtime period - DETROIT Red Wings, Sidney Crosby.
5:00 of 1st overtime period - Goal by Sidney Crosby.
5:00 of 1st overtime period - CALGARY Flames, Alex Newhook.
5:00 of 1st overtime period - Stopped by John Gibson.
5:00 of 1st overtime period - Round #2.
5:00 of 1st overtime period - DETROIT Red Wings, Alex Ovechkin.
5:00 of 1st overtime period - Stopped by Stuart Skinner.
5:00 of 1st overtime period - CALGARY Flames, Boone Jenner.
5:00 of 1st overtime period - Stopped by John Gibson.
5:00 of 1st overtime period - Round #3.
5:00 of 1st overtime period - DETROIT Red Wings, Zach Hyman.
5:00 of 1st overtime period - Stopped by Stuart Skinner.
5:00 of 1st overtime period - CALGARY Flames, Quinn Hughes.
5:00 of 1st overtime period - Goal by Quinn Hughes.
5:00 of 1st overtime period - Round #4.
5:00 of 1st overtime period - DETROIT Red Wings, Bryan Rust.
5:00 of 1st overtime period - Stopped by Stuart Skinner.
5:00 of 1st overtime period - CALGARY Flames, Charlie McAvoy.
5:00 of 1st overtime period - Goal by Charlie McAvoy. Output by the SimonT Hockey Simulator (STHS) for Martin Benoit - Original Page W3C HTML5 Valid
Hockey Simulator - Hockey Simulation - Hockey Manager